AoeStats
← ChaNgo33

Enclosed

505705358Analyzed
1v1 RM · 21d ago on Sep 10, 2026· 36m 45s· 2 players
Game mode
Random Map
Map size
Tiny (2 player)
Population
200
Speed
Normal
Resources
Standard
Victory
Conquest
Starting age
Dark Age
Ending age
Imperial Age
RankedLock teamsTeams togetherTeam positionsShared explorationLock speedFull tech treeHidden civsTurbo modeCheats
Victory
Defeat
🇬🇧 Koreans · United Kingdom
1050
+17
🇦🇷 Cumans · Argentina
1069
-17
Mysterion
7:12 Loom
9:23 Feudal Age
10:12 Double-Bit Axe
13:50 Forging
17:26 Wheelbarrow
21:13 Castle Age
19:37 Fletching
21:25 Crossbowman
22:01 Bodkin Arrow
22:28 Bow Saw
22:10 Crossbowman
25:48 Thumb Ring
25:34 Horse Collar
26:34 Town Watch
36:18 Imperial Age
35:09 Gold Mining
35:20 Heavy Plow
35:12 Stone Mining
37:07 Bracer
ChaNgo33
7:31 Loom
9:25 Feudal Age
12:18 Double-Bit Axe
17:34 Horse Collar
22:03 Castle Age
20:39 Fletching
21:41 Padded Archer Armor
22:56 Bloodlines
23:50 Bodkin Arrow
30:04 Forging
31:22 Capped Ram
Connection lost

Rejoining the realm…

Still unreachable

The connection could not be restored.

Session expired

The server has moved on; the page needs a fresh start.